Rock Island Raccoons vs Providence Bruins
Created - Monday, June 12, 2023 at 07:01
Goals
|
| Rock Island Raccoons |
1 |
1 |
0 |
0 |
1 |
3 |
| Providence Bruins |
2 |
0 |
0 |
0 |
0 |
2 |
|
Shots
|
| Rock Island Raccoons |
9 |
12 |
11 |
0 |
3 |
32 |
| Providence Bruins |
14 |
17 |
15 |
0 |
3 |
46 |
|
1st period
1. Rock Island Raccoons , Greg McKegg 5 (Brian Boyle 22, Jake Walman 5) at 15:59
2. Providence Bruins , Joe Veleno 38 (Jared McIsaac 10, John-Jason Peterka 50) at 16:29 (PP)
3. Providence Bruins , Michal Teply 16 (Jack Studnicka 34) at 18:34 (PP)
Penalties :
Dillon Heatherington (RIR) for Roughing (Minor) at 2:16, Nikolai Knyzhov (PRB) for Interference (Minor) at 11:34, Andrew Ladd (RIR) for Slashing (Minor) at 16:24, Logan Stanley (RIR) for Hooking (Minor) at 17:38
2nd period
4. Rock Island Raccoons , Luke Glendening 36 (Andy Greene 29, Mathieu Perreault 43) at 0:49
Penalties :
Austin Wagner (PRB) for Tripping (Minor) at 2:41, Jared McIsaac (PRB) for Tripping (Minor) at 6:17, Ben Harpur (RIR) for Slashing (Minor) at 12:13, Drake Caggiula (RIR) for Hooking (Minor) at 16:13, Jared McIsaac (PRB) for Tripping (Minor) at 19:03, Logan Stanley (RIR) for Boarding (Minor) at 19:30
3rd period
No Goal
Penalties :
Cole Schwindt (PRB) for Roughing (Minor) at 1:39, Andrew Ladd (RIR) for Tripping (Minor) at 10:49, Jordy Bellerive (PRB) for Roughing (Minor) at 14:22, Brendan Smith (RIR) for Roughing (Minor) at 17:59
Overtime #1
No Goal
Penalties :
No Penalty
Shootout
Rock Island Raccoons, Brendan Smith - Stopped by Olivier Rodrigue
Providence Bruins, Nicholas Merkley - Shot Misses the Net
Rock Island Raccoons, Mathieu Perreault - Goal!
Providence Bruins, Joe Veleno - Stopped by Braden Holtby
Rock Island Raccoons, Luke Glendening - Shot Misses the Net
Providence Bruins, John-Jason Peterka - Stopped by Braden Holtby
Penalties :
No Penalty
Goalie Stats
Braden Holtby (RIR), 44 saves from 46 shots - (0.957), W, 41-15-2, 65:00 minutes
Olivier Rodrigue (PRB), 30 saves from 32 shots - (0.938), OTL, 5-7-2, 65:00 minutes
Players Stats for Rock Island Raccoons
Player Name G A P +/- PIM S H SB GA TA FO MP PP MP PK MP
------------------------------------------------------------------------------------
Alex Barre-Boulet 0 0 0 0 0 0 0 0 0 0 0/0 4:41 0:36 0:00
Andrew Ladd 0 0 0 0 4 1 1 0 0 1 4/11 22:20 4:38 4:32
Andy Greene 0 1 1 1 0 2 1 0 0 0 0/0 27:06 5:02 5:32
Ben Harpur 0 0 0 0 2 1 0 3 0 1 0/0 16:12 5:20 0:10
Brendan Smith 0 0 0 1 2 1 1 3 3 2 0/1 24:10 5:02 4:57
Brian Boyle 0 1 1 1 0 5 0 1 0 1 6/10 13:33 0:42 0:00
Dillon Heatherington 0 0 0 1 2 1 0 2 0 0 0/0 14:55 0:00 1:34
Drake Caggiula 0 0 0 0 2 2 1 0 0 2 0/0 16:02 4:38 0:16
Dryden Hunt 0 0 0 0 0 0 0 0 0 0 0/0 4:47 0:00 0:00
Filip Chytil 0 0 0 0 0 3 2 0 1 1 5/17 23:15 4:38 5:28
Greg McKegg 1 0 1 1 0 1 1 0 0 0 1/1 12:08 0:42 0:00
Gustav Lindstrom 0 0 0 0 0 2 0 3 0 0 0/0 24:35 5:20 5:51
Jake Walman 0 1 1 1 0 1 1 2 0 0 0/0 14:11 0:00 0:00
Logan Stanley 0 0 0 1 4 1 4 2 2 0 0/0 25:42 5:01 5:01
Luke Glendening 1 0 1 1 0 5 1 0 4 1 2/3 22:11 5:02 5:20
Mathieu Perreault 0 1 1 1 0 3 0 1 0 0 15/29 22:42 5:02 5:48
Nate Thompson 0 0 0 1 0 3 1 3 0 0 1/1 13:40 0:06 1:03
Sam Carrick 0 0 0 0 0 0 0 1 0 0 1/1 4:47 0:00 0:00
Players Stats for Providence Bruins
Player Name G A P +/- PIM S H SB GA TA FO MP PP MP PK MP
------------------------------------------------------------------------------------
Austin Wagner 0 0 0 -1 2 2 2 0 1 0 0/1 11:38 0:16 0:00
Brandon Coe 0 0 0 -1 0 0 0 0 0 1 0/1 9:20 0:00 0:00
Cole Schwindt 0 0 0 -1 2 0 1 2 0 0 0/0 16:58 5:48 0:00
Helge Grans 0 0 0 0 0 0 1 0 0 0 0/0 13:05 0:04 0:00
Jack Studnicka 0 1 1 -1 0 5 5 0 2 0 10/14 22:28 5:37 5:14
Jacob Moverare 0 0 0 -1 0 1 0 2 1 1 0/0 25:38 5:34 5:10
Jared McIsaac 0 1 1 -1 4 2 2 2 0 2 0/0 23:51 5:34 4:11
Joe Veleno 1 0 1 0 0 5 1 0 1 1 13/23 22:22 5:30 4:54
John-Jason Peterka 0 1 1 0 0 4 4 0 1 1 5/10 21:23 5:34 5:14
Jordy Bellerive 0 0 0 0 2 2 0 0 1 0 2/7 8:58 0:00 0:14
Kyle Capobianco 0 0 0 -1 0 2 1 1 0 0 0/0 26:46 5:49 4:56
Logan Hutsko 0 0 0 -1 0 4 2 0 0 0 2/7 11:08 0:16 0:00
Marc Del Gaizo 0 0 0 0 0 3 1 0 0 0 0/0 8:49 0:00 0:56
Mason Millman 0 0 0 0 0 0 1 0 0 0 0/0 7:27 0:00 0:00
Michal Teply 1 0 1 -1 0 4 2 1 2 1 0/0 15:43 5:33 0:14
Nicholas Merkley 0 0 0 0 0 3 1 0 0 0 7/11 22:22 5:30 4:54
Nikolai Knyzhov 0 0 0 -1 2 9 4 1 0 3 0/0 25:49 5:49 3:37
Samuel Bolduc 0 0 0 0 0 0 1 0 0 0 0/0 14:14 0:00 1:54
3 Stars
1 - Braden Holtby (RIR)
2 - Luke Glendening (RIR)
3 - Greg McKegg (RIR)
Power Play
Rock Island Raccoons - 0 on 7 Attempt(s) - 0.00%
Providence Bruins - 2 on 7 Attempt(s) - 28.57%
Penalty Kill
Rock Island Raccoons - 5 on 7 Attempt(s) - 71.43%
- Score 0 goal in Penalty Kill
Providence Bruins - 7 on 7 Attempt(s) - 100.00%
- Score 0 goal in Penalty Kill
Team Stat
Rock Island Raccoons - Hits : 14 - Faceoff Wins : 35 - Blocked Shots : 21 - Penalty Minutes : 16
Providence Bruins - Hits : 29 - Faceoff Wins : 39 - Blocked Shots : 9 - Penalty Minutes : 12
Official
Referees : Jacob Brenk and Garrett Rank
Linesman : Michel Cormier and Trent Knorr
Game Notes
11:04 of 3rd period - Penalty Shot by Cole Schwindt for Providence Bruins - Stopped by Braden Holtby
Rock Island Raccoons
5 vs 5 Forward
Center Left Wing Right Wing Time % Phy DF OF
1 Mathieu Perreault Brendan Smith Luke Glendening 30 1 2 2
2 Filip Chytil Andrew Ladd Drake Caggiula 30 1 2 2
3 Brian Boyle Nate Thompson Greg McKegg 25 1 2 2
4 Sam Carrick Dryden Hunt Brendan Smith 15 1 2 2
5 vs 5 Defense
Defense Defense Time % Phy DF OF
1 Andy Greene Logan Stanley 30 1 2 2
2 Gustav Lindstrom Ben Harpur 30 1 2 2
3 Jake Walman Dillon Heatherington 25 1 2 2
4 Andy Greene Logan Stanley 15 1 2 2
PowerPlay Forward
Center Left Wing Right Wing Time % Phy DF OF
1 Mathieu Perreault Brendan Smith Luke Glendening 50 1 2 2
2 Filip Chytil Andrew Ladd Drake Caggiula 50 1 2 2
PowerPlay Defense
Defense Defense Time % Phy DF OF
1 Andy Greene Logan Stanley 50 1 2 2
2 Gustav Lindstrom Ben Harpur 50 1 2 2
Penalty Kill 4 Players Forward
Center Wing Time % Phy DF OF
1 Mathieu Perreault Luke Glendening 50 1 2 2
2 Andrew Ladd Filip Chytil 50 1 2 2
Penalty Kill 4 Players Defense
Defense Defense Time % Phy DF OF
1 Andy Greene Logan Stanley 50 1 2 2
2 Brendan Smith Gustav Lindstrom 50 1 2 2
Penalty Kill - 3 Players Forward
Forward Time % Phy DF OF
1 Mathieu Perreault 50 1 2 2
2 Luke Glendening 50 1 2 2
Penalty Kill - 3 Players Defense
Defense Defense Time % Phy DF OF
1 Andy Greene Logan Stanley 50 1 2 2
2 Brendan Smith Gustav Lindstrom 50 1 2 2
4 vs 4 Forward
Center Wing Time % Phy DF OF
1 Mathieu Perreault Luke Glendening 50 1 2 2
2 Andrew Ladd Filip Chytil 50 1 2 2
4 vs 4 Defense
Defense Defense Time % Phy DF OF
1 Andy Greene Logan Stanley 50 1 2 2
2 Brendan Smith Gustav Lindstrom 50 1 2 2
Last Minutes Offensive
Center Left Wing Right Wing Defense Defense
Mathieu Perreault Brendan Smith Luke Glendening Andy Greene Logan Stanley
Last Minutes Defensive
Center Left Wing Right Wing Defense Defense
Mathieu Perreault Brendan Smith Luke Glendening Andy Greene Logan Stanley
Goaltenders
Starting : Braden Holtby
Backup : Mikko Koskinen
Extra Forwards
Normal : Alex Barre-Boulet, Brian Boyle, Nate Thompson - PP : Alex Barre-Boulet, Brian Boyle - PK : Nate Thompson
Extra Defensemen
Normal : Jake Walman, Dillon Heatherington, Ben Harpur - PP : Jake Walman - PK : Dillon Heatherington, Ben Harpur
Penalty Shots
Brendan Smith, Mathieu Perreault, Luke Glendening, Andrew Ladd, Filip Chytil
Providence Bruins
5 vs 5 Forward
Center Left Wing Right Wing Time % Phy DF OF
1 Joe Veleno John-Jason Peterka Nicholas Merkley 30 1 2 2
2 Jack Studnicka Michal Teply Cole Schwindt 30 1 2 2
3 Logan Hutsko Austin Wagner Brandon Coe 25 1 2 2
4 Jordy Bellerive Marc Del Gaizo Mason Millman 15 1 2 2
5 vs 5 Defense
Defense Defense Time % Phy DF OF
1 Nikolai Knyzhov Kyle Capobianco 35 1 2 2
2 Jacob Moverare Jared McIsaac 35 1 2 2
3 Helge Grans Samuel Bolduc 30 1 2 2
4 Nikolai Knyzhov Kyle Capobianco 0 1 2 2
PowerPlay Forward
Center Left Wing Right Wing Time % Phy DF OF
1 Joe Veleno John-Jason Peterka Nicholas Merkley 50 1 2 2
2 Jack Studnicka Michal Teply Cole Schwindt 50 1 2 2
PowerPlay Defense
Defense Defense Time % Phy DF OF
1 Nikolai Knyzhov Kyle Capobianco 50 1 2 2
2 Jacob Moverare Jared McIsaac 50 1 2 2
Penalty Kill 4 Players Forward
Center Wing Time % Phy DF OF
1 Nicholas Merkley Joe Veleno 50 1 2 2
2 John-Jason Peterka Jack Studnicka 50 1 2 2
Penalty Kill 4 Players Defense
Defense Defense Time % Phy DF OF
1 Nikolai Knyzhov Kyle Capobianco 50 1 2 2
2 Jacob Moverare Jared McIsaac 50 1 2 2
Penalty Kill - 3 Players Forward
Forward Time % Phy DF OF
1 Nicholas Merkley 50 1 2 2
2 Joe Veleno 50 1 2 2
Penalty Kill - 3 Players Defense
Defense Defense Time % Phy DF OF
1 Nikolai Knyzhov Kyle Capobianco 50 1 2 2
2 Jacob Moverare Jared McIsaac 50 1 2 2
4 vs 4 Forward
Center Wing Time % Phy DF OF
1 Nicholas Merkley Joe Veleno 50 1 2 2
2 John-Jason Peterka Jack Studnicka 50 1 2 2
4 vs 4 Defense
Defense Defense Time % Phy DF OF
1 Nikolai Knyzhov Kyle Capobianco 50 1 2 2
2 Jacob Moverare Jared McIsaac 50 1 2 2
Last Minutes Offensive
Center Left Wing Right Wing Defense Defense
Joe Veleno John-Jason Peterka Nicholas Merkley Nikolai Knyzhov Kyle Capobianco
Last Minutes Defensive
Center Left Wing Right Wing Defense Defense
Joe Veleno John-Jason Peterka Nicholas Merkley Nikolai Knyzhov Kyle Capobianco
Goaltenders
Starting : Olivier Rodrigue
Backup : Trent Miner
Extra Forwards
Normal : Austin Wagner, Logan Hutsko, Jordy Bellerive - PP : Austin Wagner, Logan Hutsko - PK : Jordy Bellerive
Extra Defensemen
Normal : Helge Grans, Samuel Bolduc, Marc Del Gaizo - PP : Helge Grans - PK : Samuel Bolduc, Marc Del Gaizo
Penalty Shots
Nicholas Merkley, Joe Veleno, John-Jason Peterka, Jack Studnicka, Cole Schwindt
% Time on Ice - Rock Island Raccoons
Lines # - Real PCT - Wanted PCT - Time Play
Normal Forward
1 - 26% - 30% - 9:22
2 - 31% - 30% - 11:16
3 - 31% - 25% - 11:18
4 - 13% - 15% - 4:47
Normal Defense
1 - 30% - 30% - 11:05
2 - 29% - 30% - 10:42
3 - 33% - 25% - 12:15
4 - 7% - 15% - 2:41
PP Forward
1 - 54% - 50% - 5:35
2 - 46% - 50% - 4:47
PP Defense
1 - 49% - 50% - 5:02
2 - 51% - 50% - 5:20
PK Forward
1 - 48% - 50% - 5:30
2 - 52% - 50% - 5:53
PK Defense
1 - 49% - 50% - 5:32
2 - 51% - 50% - 5:51
PK3 Forward
1 - 0% - 50%
2 - 0% - 50%
PK3 Defense
1 - 0% - 50%
2 - 0% - 50%
44 Forward
1 - 53% - 50% - 3:26
2 - 47% - 50% - 3:06
44 Defense
1 - 55% - 50% - 3:35
2 - 45% - 50% - 2:57
Last Minute Offensive - 0:00
Last Minute Defensive - 0:00
Total
Forward - 65:00
Defense - 65:00
|
% Time on Ice - Providence Bruins
Lines # - Real PCT - Wanted PCT - Time Play
Normal Forward
1 - 27% - 30% - 9:47
2 - 28% - 30% - 10:09
3 - 25% - 25% - 9:20
4 - 20% - 15% - 7:27
Normal Defense
1 - 36% - 35% - 13:13
2 - 33% - 35% - 12:03
3 - 31% - 30% - 11:27
4 - 0% - 0% - 0:00
PP Forward
1 - 48% - 50% - 5:30
2 - 52% - 50% - 5:53
PP Defense
1 - 51% - 50% - 5:49
2 - 49% - 50% - 5:34
PK Forward
1 - 49% - 50% - 5:05
2 - 51% - 50% - 5:17
PK Defense
1 - 48% - 50% - 4:56
2 - 52% - 50% - 5:26
PK3 Forward
1 - 0% - 50%
2 - 0% - 50%
PK3 Defense
1 - 0% - 50%
2 - 0% - 50%
44 Forward
1 - 50% - 50% - 3:17
2 - 50% - 50% - 3:15
44 Defense
1 - 51% - 50% - 3:18
2 - 49% - 50% - 3:14
Last Minute Offensive - 0:00
Last Minute Defensive - 0:00
Total
Forward - 65:00
Defense - 65:00
|
Play-by-Play
1st period
0:01 of 1st period - Luke Glendening wins face-off versus Joe Veleno in neutral zone.
0:56 of 1st period - Snap shot by Drake Caggiula.
0:56 of 1st period - Stopped by Olivier Rodrigue with a rebound.
0:58 of 1st period - Wrist shot by Andrew Ladd.
0:58 of 1st period - Shot Blocked by Jacob Moverare.
1:00 of 1st period - Slapshot by Logan Stanley.
1:00 of 1st period - Stopped by Olivier Rodrigue without a rebound.
1:01 of 1st period - Greg McKegg wins face-off versus Austin Wagner in Providence Bruins zone.
1:53 of 1st period - Snap shot by Jordy Bellerive.
1:53 of 1st period - Shot Misses the Net.
1:55 of 1st period - Slapshot by Jared McIsaac.
1:55 of 1st period - Stopped by Braden Holtby with a rebound.
1:57 of 1st period - Slapshot by Jared McIsaac.
1:57 of 1st period - Shot Misses the Net.
1:59 of 1st period - Snap shot by Marc Del Gaizo.
1:59 of 1st period - Shot Blocked by Gustav Lindstrom.
2:01 of 1st period - Slapshot by Jared McIsaac.
2:01 of 1st period - Deflect By Jordy Bellerive.
2:01 of 1st period - Shot Blocked by Ben Harpur.
2:01 of 1st period - Puck is out of play.
2:02 of 1st period - Joe Veleno wins face-off versus Brian Boyle in Rock Island Raccoons zone.
2:16 of 1st period - Minor Penalty to Dillon Heatherington for Roughing.
2:17 of 1st period - Mathieu Perreault wins face-off versus Joe Veleno in Rock Island Raccoons zone.
3:25 of 1st period - Andrew Ladd is hit by Jared McIsaac and loses puck.
4:16 of 1st period - Penalty to Dillon Heatherington is over, Dillon Heatherington is back on ice.
6:39 of 1st period - Ben Harpur is hit by Helge Grans and loses puck.
7:04 of 1st period - Snap shot by Brian Boyle.
7:04 of 1st period - Stopped by Olivier Rodrigue without a rebound.
7:05 of 1st period - Jack Studnicka wins face-off versus Brian Boyle in Providence Bruins zone.
7:30 of 1st period - Drake Caggiula is hit by Samuel Bolduc and loses puck.
7:51 of 1st period - Logan Stanley is hit by Logan Hutsko and loses puck.
8:12 of 1st period - Jacob Moverare is hit by Luke Glendening and loses puck.
9:15 of 1st period - Joe Veleno is hit by Brendan Smith and loses puck.
9:28 of 1st period - Slapshot by Austin Wagner.
9:28 of 1st period - Stopped by Braden Holtby with a rebound.
10:24 of 1st period - Snap shot by Brian Boyle.
10:24 of 1st period - Stopped by Olivier Rodrigue with a rebound.
10:30 of 1st period - John-Jason Peterka is hit by Greg McKegg and loses puck.
10:47 of 1st period - Slapshot by Logan Hutsko.
10:47 of 1st period - Shot Misses the Net.
11:02 of 1st period - Icing by Cole Schwindt.
11:03 of 1st period - Filip Chytil wins face-off versus Jack Studnicka in Providence Bruins zone.
11:12 of 1st period - Wrist shot by Filip Chytil.
11:12 of 1st period - Shot Blocked by Cole Schwindt.
11:31 of 1st period - Off-side.
11:32 of 1st period - Joe Veleno wins face-off versus Mathieu Perreault in neutral zone.
11:34 of 1st period - Minor Penalty to Nikolai Knyzhov for Interference.
11:35 of 1st period - Nicholas Merkley wins face-off versus Mathieu Perreault in Providence Bruins zone.
12:42 of 1st period - Gustav Lindstrom is hit by John-Jason Peterka and loses puck.
13:22 of 1st period - Icing by Andrew Ladd.
13:23 of 1st period - Nicholas Merkley wins face-off versus Filip Chytil in Rock Island Raccoons zone.
13:34 of 1st period - Penalty to Nikolai Knyzhov is over, Nikolai Knyzhov is back on ice.
13:40 of 1st period - Wrist shot by John-Jason Peterka.
13:40 of 1st period - Shot Blocked by Ben Harpur.
14:06 of 1st period - Slapshot by Logan Hutsko.
14:06 of 1st period - Shot Blocked by Jake Walman.
14:08 of 1st period - Slapshot by Logan Hutsko.
14:08 of 1st period - Stopped by Braden Holtby with a rebound.
14:10 of 1st period - Snap shot by Jacob Moverare.
14:10 of 1st period - Shot Misses the Net.
14:12 of 1st period - Wrist shot by Austin Wagner.
14:12 of 1st period - Shot Blocked by Dillon Heatherington.
14:22 of 1st period - Mason Millman is hit by Drake Caggiula and loses puck.
14:35 of 1st period - Snap shot by Jordy Bellerive.
14:35 of 1st period - Shot Hit the Post.
14:55 of 1st period - Samuel Bolduc is hit by Logan Stanley.
15:13 of 1st period - Slapshot by Nikolai Knyzhov.
15:13 of 1st period - Deflect By Marc Del Gaizo.
15:13 of 1st period - Shot Blocked by Sam Carrick.
15:13 of 1st period - Puck is out of play.
15:14 of 1st period - Sam Carrick wins face-off versus Jordy Bellerive in Rock Island Raccoons zone.
15:35 of 1st period - Filip Chytil is hit by Michal Teply and loses puck.
15:42 of 1st period - Drake Caggiula is hit by Cole Schwindt and loses puck.
15:59 of 1st period - Wrist shot by Greg McKegg.
15:59 of 1st period - Goal by Greg McKegg - Rock Island Raccoons : 1 - Providence Bruins : 0.
16:00 of 1st period - Mathieu Perreault wins face-off versus Joe Veleno in neutral zone.
16:00 of 1st period - Luke Glendening is hit by John-Jason Peterka and loses puck.
16:15 of 1st period - Wrist shot by Brendan Smith.
16:15 of 1st period - Shot Misses the Net.
16:24 of 1st period - Minor Penalty to Andrew Ladd for Slashing.
16:25 of 1st period - Joe Veleno wins face-off versus Mathieu Perreault in Rock Island Raccoons zone.
16:25 of 1st period - Slapshot by John-Jason Peterka.
16:25 of 1st period - Stopped by Braden Holtby with a rebound.
16:27 of 1st period - Slapshot by Jared McIsaac.
16:27 of 1st period - Stopped by Braden Holtby with a rebound.
16:29 of 1st period - Snap shot by Joe Veleno.
16:29 of 1st period - Goal by Joe Veleno - Rock Island Raccoons : 1 - Providence Bruins : 1.
16:30 of 1st period - Mathieu Perreault wins face-off versus Joe Veleno in neutral zone.
16:55 of 1st period - Andy Greene is hit by Nikolai Knyzhov and loses puck.
17:17 of 1st period - Off-side.
17:18 of 1st period - Jack Studnicka wins face-off versus Brian Boyle in neutral zone.
17:21 of 1st period - Slapshot by Michal Teply.
17:21 of 1st period - Stopped by Braden Holtby without a rebound.
17:22 of 1st period - Mathieu Perreault wins face-off versus Joe Veleno in Rock Island Raccoons zone.
17:38 of 1st period - Minor Penalty to Logan Stanley for Hooking.
17:39 of 1st period - Andrew Ladd wins face-off versus Jack Studnicka in Rock Island Raccoons zone.
17:44 of 1st period - Icing by Jacob Moverare.
17:45 of 1st period - Jack Studnicka wins face-off versus Mathieu Perreault in Providence Bruins zone.
17:53 of 1st period - Off-side.
17:54 of 1st period - Joe Veleno wins face-off versus Andrew Ladd in neutral zone.
18:01 of 1st period - Wrist shot by Joe Veleno.
18:01 of 1st period - Stopped by Braden Holtby without a rebound.
18:02 of 1st period - Joe Veleno wins face-off versus Andrew Ladd in Rock Island Raccoons zone.
18:17 of 1st period - Snap shot by Joe Veleno.
18:17 of 1st period - Stopped by Braden Holtby with a rebound.
18:28 of 1st period - Icing by Kyle Capobianco.
18:29 of 1st period - Jack Studnicka wins face-off versus Mathieu Perreault in Providence Bruins zone.
18:34 of 1st period - Wrist shot by Michal Teply.
18:34 of 1st period - Goal by Michal Teply - Rock Island Raccoons : 1 - Providence Bruins : 2.
18:35 of 1st period - Joe Veleno wins face-off versus Mathieu Perreault in neutral zone.
18:37 of 1st period - Off-side.
18:38 of 1st period - Luke Glendening wins face-off versus Joe Veleno in neutral zone.
18:45 of 1st period - Wrist shot by Mathieu Perreault.
18:45 of 1st period - Stopped by Olivier Rodrigue without a rebound.
18:46 of 1st period - Joe Veleno wins face-off versus Mathieu Perreault in Providence Bruins zone.
18:51 of 1st period - Snap shot by Nicholas Merkley.
18:51 of 1st period - Shot Misses the Net.
18:53 of 1st period - Slapshot by Nikolai Knyzhov.
18:53 of 1st period - Stopped by Braden Holtby with a rebound.
18:55 of 1st period - Wrist shot by John-Jason Peterka.
18:55 of 1st period - Stopped by Braden Holtby with a rebound.
18:57 of 1st period - Snap shot by Nikolai Knyzhov.
18:57 of 1st period - Stopped by Braden Holtby with a rebound.
18:59 of 1st period - Slapshot by Nikolai Knyzhov.
18:59 of 1st period - Deflect By Mathieu Perreault.
18:59 of 1st period - Stopped by Braden Holtby with a rebound.
19:01 of 1st period - Wrist shot by Joe Veleno.
19:01 of 1st period - Shot Misses the Net.
19:11 of 1st period - Nikolai Knyzhov is hit by Logan Stanley and loses puck.
19:24 of 1st period - Samuel Bolduc is hit by Filip Chytil and loses puck.
19:35 of 1st period - Snap shot by Nate Thompson.
19:35 of 1st period - Stopped by Olivier Rodrigue with a rebound.
19:37 of 1st period - Wrist shot by Ben Harpur.
19:37 of 1st period - Stopped by Olivier Rodrigue with a rebound.
19:39 of 1st period - Slapshot by Ben Harpur.
19:39 of 1st period - Shot Misses the Net.
19:41 of 1st period - Slapshot by Nate Thompson.
19:41 of 1st period - Shot Blocked by Cole Schwindt.
19:43 of 1st period - Slapshot by Brian Boyle.
19:43 of 1st period - Shot Blocked by Michal Teply.
19:45 of 1st period - Slapshot by Ben Harpur.
19:45 of 1st period - Shot Misses the Net.
19:59 of 1st period - Snap shot by Mathieu Perreault.
19:59 of 1st period - Stopped by Olivier Rodrigue with a rebound.
Goals for this period are 1 for Rock Island Raccoons vs 2 for Providence Bruins.
Shots for this period are 9 for Rock Island Raccoons vs 14 for Providence Bruins.
2nd period
0:01 of 2nd period - Mathieu Perreault wins face-off versus Joe Veleno in neutral zone.
0:12 of 2nd period - Snap shot by Nicholas Merkley.
0:12 of 2nd period - Stopped by Braden Holtby with a rebound.
0:34 of 2nd period - Jacob Moverare is hit by Logan Stanley and loses puck.
0:45 of 2nd period - Wrist shot by Luke Glendening.
0:45 of 2nd period - Stopped by Olivier Rodrigue with a rebound.
0:47 of 2nd period - Snap shot by Andy Greene.
0:47 of 2nd period - Shot Blocked by Jared McIsaac.
0:49 of 2nd period - Snap shot by Luke Glendening.
0:49 of 2nd period - Goal by Luke Glendening - Rock Island Raccoons : 2 - Providence Bruins : 2.
0:50 of 2nd period - Filip Chytil wins face-off versus Logan Hutsko in neutral zone.
0:53 of 2nd period - Wrist shot by Filip Chytil.
0:53 of 2nd period - Shot Blocked by Kyle Capobianco.
1:12 of 2nd period - Kyle Capobianco is hit by Andrew Ladd and loses puck.
1:41 of 2nd period - Slapshot by Nikolai Knyzhov.
1:41 of 2nd period - Stopped by Braden Holtby with a rebound.
1:45 of 2nd period - Slapshot by Kyle Capobianco.
1:45 of 2nd period - Stopped by Braden Holtby with a rebound.
1:47 of 2nd period - Slapshot by Brandon Coe.
1:47 of 2nd period - Deflect By Logan Hutsko.
1:47 of 2nd period - Stopped by Braden Holtby with a rebound.
1:49 of 2nd period - Slapshot by Nikolai Knyzhov.
1:49 of 2nd period - Stopped by Braden Holtby with a rebound.
1:51 of 2nd period - Slapshot by Nikolai Knyzhov.
1:51 of 2nd period - Stopped by Braden Holtby with a rebound.
1:53 of 2nd period - Snap shot by Austin Wagner.
1:53 of 2nd period - Shot Misses the Net.
2:17 of 2nd period - Snap shot by Filip Chytil.
2:17 of 2nd period - Stopped by Olivier Rodrigue with a rebound.
2:23 of 2nd period - Jake Walman is hit by Nikolai Knyzhov and loses puck.
2:28 of 2nd period - Snap shot by Logan Hutsko.
2:28 of 2nd period - Shot Misses the Net.
2:30 of 2nd period - Slapshot by Nikolai Knyzhov.
2:30 of 2nd period - Stopped by Braden Holtby with a rebound.
2:41 of 2nd period - Minor Penalty to Austin Wagner for Tripping.
2:42 of 2nd period - Mathieu Perreault wins face-off versus John-Jason Peterka in Providence Bruins zone.
3:08 of 2nd period - Gustav Lindstrom is hit by John-Jason Peterka and loses puck.
3:35 of 2nd period - Samuel Bolduc is hit by Logan Stanley and loses puck.
3:40 of 2nd period - Slapshot by Brian Boyle.
3:40 of 2nd period - Stopped by Olivier Rodrigue without a rebound.
3:41 of 2nd period - Mathieu Perreault wins face-off versus John-Jason Peterka in Providence Bruins zone.
4:08 of 2nd period - Wrist shot by Brian Boyle.
4:08 of 2nd period - Shot Blocked by Jared McIsaac.
4:10 of 2nd period - Slapshot by Gustav Lindstrom.
4:10 of 2nd period - Stopped by Olivier Rodrigue with a rebound.
4:41 of 2nd period - Penalty to Austin Wagner is over, Austin Wagner is back on ice.
4:44 of 2nd period - Kyle Capobianco is hit by Andy Greene and loses puck.
5:22 of 2nd period - Jack Studnicka is hit by Jake Walman and loses puck.
5:39 of 2nd period - Ben Harpur is hit by Mason Millman and loses puck.
5:57 of 2nd period - Snap shot by Austin Wagner.
5:57 of 2nd period - Stopped by Braden Holtby without a rebound.
5:58 of 2nd period - Mathieu Perreault wins face-off versus Logan Hutsko in Rock Island Raccoons zone.
6:15 of 2nd period - Snap shot by Drake Caggiula.
6:15 of 2nd period - Shot Misses the Net.
6:17 of 2nd period - Minor Penalty to Jared McIsaac for Tripping.
6:18 of 2nd period - John-Jason Peterka wins face-off versus Andrew Ladd in Providence Bruins zone.
6:31 of 2nd period - Wrist shot by Jack Studnicka.
6:31 of 2nd period - Shot Misses the Net.
8:17 of 2nd period - Penalty to Jared McIsaac is over, Jared McIsaac is back on ice.
8:31 of 2nd period - Snap shot by Greg McKegg.
8:31 of 2nd period - Shot Misses the Net.
8:33 of 2nd period - Slapshot by Dillon Heatherington.
8:33 of 2nd period - Deflect By Brian Boyle.
8:33 of 2nd period - Stopped by Olivier Rodrigue with a rebound.
8:48 of 2nd period - Snap shot by Dryden Hunt.
8:48 of 2nd period - Shot Misses the Net.
9:44 of 2nd period - Wrist shot by Logan Hutsko.
9:44 of 2nd period - Deflect By Austin Wagner.
9:44 of 2nd period - Shot Blocked by Brian Boyle.
9:44 of 2nd period - Puck is out of play.
9:45 of 2nd period - Brian Boyle wins face-off versus Brandon Coe in Rock Island Raccoons zone.
10:06 of 2nd period - Slapshot by Nikolai Knyzhov.
10:06 of 2nd period - Stopped by Braden Holtby without a rebound.
10:07 of 2nd period - Mathieu Perreault wins face-off versus Joe Veleno in Rock Island Raccoons zone.
10:12 of 2nd period - Snap shot by Brendan Smith.
10:12 of 2nd period - Stopped by Olivier Rodrigue without a rebound.
10:13 of 2nd period - Mathieu Perreault wins face-off versus Joe Veleno in Providence Bruins zone.
11:25 of 2nd period - Snap shot by Filip Chytil.
11:25 of 2nd period - Shot Misses the Net.
11:45 of 2nd period - Slapshot by Brian Boyle.
11:45 of 2nd period - Stopped by Olivier Rodrigue with a rebound.
11:47 of 2nd period - Slapshot by Gustav Lindstrom.
11:47 of 2nd period - Deflect By Nicholas Merkley.
11:47 of 2nd period - Stopped by Olivier Rodrigue with a rebound.
12:01 of 2nd period - Snap shot by Jack Studnicka.
12:01 of 2nd period - Stopped by Braden Holtby with a rebound.
12:03 of 2nd period - Slapshot by Kyle Capobianco.
12:03 of 2nd period - Shot Blocked by Mathieu Perreault.
12:05 of 2nd period - Slapshot by Kyle Capobianco.
12:05 of 2nd period - Shot Blocked by Brendan Smith.
12:07 of 2nd period - Wrist shot by Jack Studnicka.
12:07 of 2nd period - Shot Blocked by Gustav Lindstrom.
12:13 of 2nd period - Minor Penalty to Ben Harpur for Slashing.
12:14 of 2nd period - Jack Studnicka wins face-off versus Mathieu Perreault in Rock Island Raccoons zone.
12:17 of 2nd period - Wrist shot by Michal Teply.
12:17 of 2nd period - Stopped by Braden Holtby with a rebound.
12:19 of 2nd period - Wrist shot by Jack Studnicka.
12:19 of 2nd period - Stopped by Braden Holtby with a rebound.
12:21 of 2nd period - Slapshot by Jared McIsaac.
12:21 of 2nd period - Shot Misses the Net.
12:29 of 2nd period - Snap shot by Cole Schwindt.
12:29 of 2nd period - Shot Blocked by Brendan Smith.
14:06 of 2nd period - Logan Stanley is hit by Austin Wagner and loses puck.
14:13 of 2nd period - Penalty to Ben Harpur is over, Ben Harpur is back on ice.
14:17 of 2nd period - Wrist shot by Luke Glendening.
14:17 of 2nd period - Stopped by Olivier Rodrigue without a rebound.
14:18 of 2nd period - Brian Boyle wins face-off versus Jordy Bellerive in Providence Bruins zone.
14:27 of 2nd period - Dillon Heatherington is hit by Jared McIsaac and loses puck.
15:07 of 2nd period - Andy Greene is hit by Jack Studnicka.
15:45 of 2nd period - Mathieu Perreault is hit by Marc Del Gaizo and loses puck.
15:58 of 2nd period - Backhand shot by Jack Studnicka.
15:58 of 2nd period - Stopped by Braden Holtby without a rebound.
15:59 of 2nd period - Filip Chytil wins face-off versus Jack Studnicka in Rock Island Raccoons zone.
16:13 of 2nd period - Minor Penalty to Drake Caggiula for Hooking.
16:14 of 2nd period - Joe Veleno wins face-off versus Filip Chytil in Rock Island Raccoons zone.
17:19 of 2nd period - Andrew Ladd is hit by Michal Teply.
18:03 of 2nd period - Logan Stanley is hit by Kyle Capobianco and loses puck.
18:13 of 2nd period - Penalty to Drake Caggiula is over, Drake Caggiula is back on ice.
18:23 of 2nd period - Off-side.
18:24 of 2nd period - Jordy Bellerive wins face-off versus Brian Boyle in neutral zone.
18:27 of 2nd period - Slapshot by Samuel Bolduc.
18:27 of 2nd period - Shot Blocked by Nate Thompson.
18:29 of 2nd period - Snap shot by Marc Del Gaizo.
18:29 of 2nd period - Deflect By Jordy Bellerive.
18:29 of 2nd period - Shot Blocked by Nate Thompson.
18:29 of 2nd period - Puck is out of play.
18:30 of 2nd period - Brian Boyle wins face-off versus Jordy Bellerive in Rock Island Raccoons zone.
18:43 of 2nd period - Snap shot by Marc Del Gaizo.
18:43 of 2nd period - Shot Blocked by Dillon Heatherington.
18:45 of 2nd period - Slapshot by Samuel Bolduc.
18:45 of 2nd period - Deflect By Jordy Bellerive.
18:45 of 2nd period - Stopped by Braden Holtby with a rebound.
18:47 of 2nd period - Slapshot by Mason Millman.
18:47 of 2nd period - Shot Misses the Net.
18:49 of 2nd period - Wrist shot by Marc Del Gaizo.
18:49 of 2nd period - Shot Blocked by Jake Walman.
18:51 of 2nd period - Wrist shot by Marc Del Gaizo.
18:51 of 2nd period - Stopped by Braden Holtby with a rebound.
18:53 of 2nd period - Backhand shot by Jordy Bellerive.
18:53 of 2nd period - Stopped by Braden Holtby without a rebound.
18:54 of 2nd period - Joe Veleno wins face-off versus Mathieu Perreault in Rock Island Raccoons zone.
19:00 of 2nd period - Off-side.
19:01 of 2nd period - Joe Veleno wins face-off versus Mathieu Perreault in neutral zone.
19:03 of 2nd period - Minor Penalty to Jared McIsaac for Tripping.
19:04 of 2nd period - John-Jason Peterka wins face-off versus Filip Chytil in Providence Bruins zone.
19:20 of 2nd period - Wrist shot by Jack Studnicka.
19:20 of 2nd period - Stopped by Braden Holtby without a rebound.
19:21 of 2nd period - Nicholas Merkley wins face-off versus Mathieu Perreault in Rock Island Raccoons zone.
19:28 of 2nd period - Slapshot by Joe Veleno.
19:28 of 2nd period - Shot Blocked by Logan Stanley.
19:30 of 2nd period - Minor Penalty to Logan Stanley for Boarding.
19:31 of 2nd period - Mathieu Perreault wins face-off versus Nicholas Merkley in Rock Island Raccoons zone.
19:36 of 2nd period - Slapshot by Andy Greene.
19:36 of 2nd period - Stopped by Olivier Rodrigue without a rebound.
19:37 of 2nd period - Nicholas Merkley wins face-off versus Mathieu Perreault in Providence Bruins zone.
19:42 of 2nd period - Mathieu Perreault is hit by Nikolai Knyzhov and loses puck.
19:49 of 2nd period - Slapshot by Andy Greene.
19:49 of 2nd period - Stopped by Olivier Rodrigue with a rebound.
Goals for this period are 1 for Rock Island Raccoons vs 0 for Providence Bruins.
Shots for this period are 12 for Rock Island Raccoons vs 17 for Providence Bruins.
3rd period
0:01 of 3rd period - John-Jason Peterka wins face-off versus Andrew Ladd in neutral zone.
0:06 of 3rd period - Slapshot by John-Jason Peterka.
0:06 of 3rd period - Deflect By Jack Studnicka.
0:06 of 3rd period - Shot Blocked by Brendan Smith.
0:06 of 3rd period - Puck is out of play.
0:07 of 3rd period - Andrew Ladd wins face-off versus John-Jason Peterka in Rock Island Raccoons zone.
0:07 of 3rd period - Andrew Ladd is hit by Jack Studnicka.
0:35 of 3rd period - Snap shot by Nicholas Merkley.
0:35 of 3rd period - Deflect By Joe Veleno.
0:35 of 3rd period - Shot Misses the Net.
0:35 of 3rd period - Puck is out of play.
0:36 of 3rd period - Mathieu Perreault wins face-off versus Nicholas Merkley in Rock Island Raccoons zone.
0:41 of 3rd period - Andy Greene is hit by Joe Veleno and loses puck.
0:58 of 3rd period - Snap shot by Joe Veleno.
0:58 of 3rd period - Stopped by Braden Holtby without a rebound.
0:59 of 3rd period - Andrew Ladd wins face-off versus John-Jason Peterka in Rock Island Raccoons zone.
1:03 of 3rd period - Penalty to Jared McIsaac is over, Jared McIsaac is back on ice.
1:06 of 3rd period - Slapshot by Andrew Ladd.
1:06 of 3rd period - Stopped by Olivier Rodrigue without a rebound.
1:07 of 3rd period - Joe Veleno wins face-off versus Andrew Ladd in Providence Bruins zone.
1:30 of 3rd period - Penalty to Logan Stanley is over, Logan Stanley is back on ice.
1:39 of 3rd period - Minor Penalty to Cole Schwindt for Roughing.
1:40 of 3rd period - Nicholas Merkley wins face-off versus Filip Chytil in Providence Bruins zone.
2:13 of 3rd period - Snap shot by Nicholas Merkley.
2:13 of 3rd period - Stopped by Braden Holtby without a rebound.
2:14 of 3rd period - Filip Chytil wins face-off versus Nicholas Merkley in Rock Island Raccoons zone.
2:19 of 3rd period - Slapshot by Filip Chytil.
2:19 of 3rd period - Stopped by Olivier Rodrigue without a rebound.
2:20 of 3rd period - Joe Veleno wins face-off versus Filip Chytil in Providence Bruins zone.
2:26 of 3rd period - Icing by Ben Harpur.
2:27 of 3rd period - Andrew Ladd wins face-off versus John-Jason Peterka in Rock Island Raccoons zone.
2:29 of 3rd period - Icing by Gustav Lindstrom.
2:30 of 3rd period - John-Jason Peterka wins face-off versus Filip Chytil in Rock Island Raccoons zone.
2:37 of 3rd period - Slapshot by John-Jason Peterka.
2:37 of 3rd period - Shot Blocked by Ben Harpur.
2:47 of 3rd period - Slapshot by Filip Chytil.
2:47 of 3rd period - Stopped by Olivier Rodrigue without a rebound.
2:48 of 3rd period - Mathieu Perreault wins face-off versus Nicholas Merkley in Providence Bruins zone.
3:13 of 3rd period - Andy Greene is hit by Jack Studnicka and loses puck.
3:18 of 3rd period - Snap shot by John-Jason Peterka.
3:18 of 3rd period - Stopped by Braden Holtby with a rebound.
3:39 of 3rd period - Penalty to Cole Schwindt is over, Cole Schwindt is back on ice.
4:15 of 3rd period - Ben Harpur is hit by Nicholas Merkley.
4:23 of 3rd period - Wrist shot by Nate Thompson.
4:23 of 3rd period - Stopped by Olivier Rodrigue with a rebound.
5:01 of 3rd period - Snap shot by Nicholas Merkley.
5:01 of 3rd period - Shot Misses the Net.
5:54 of 3rd period - Snap shot by Joe Veleno.
5:54 of 3rd period - Stopped by Braden Holtby without a rebound.
5:55 of 3rd period - Logan Hutsko wins face-off versus Mathieu Perreault in Rock Island Raccoons zone.
5:58 of 3rd period - Slapshot by Logan Hutsko.
5:58 of 3rd period - Stopped by Braden Holtby with a rebound.
6:08 of 3rd period - Snap shot by Mathieu Perreault.
6:08 of 3rd period - Stopped by Olivier Rodrigue with a rebound.
6:10 of 3rd period - Snap shot by Ben Harpur.
6:10 of 3rd period - Shot Blocked by Jacob Moverare.
8:01 of 3rd period - Icing by Logan Stanley.
8:02 of 3rd period - Filip Chytil wins face-off versus Jordy Bellerive in Rock Island Raccoons zone.
8:04 of 3rd period - Icing by Andrew Ladd.
8:05 of 3rd period - Jordy Bellerive wins face-off versus Filip Chytil in Rock Island Raccoons zone.
8:06 of 3rd period - Slapshot by Marc Del Gaizo.
8:06 of 3rd period - Shot Misses the Net.
8:08 of 3rd period - Backhand shot by Jacob Moverare.
8:08 of 3rd period - Stopped by Braden Holtby with a rebound.
8:10 of 3rd period - Slapshot by Jacob Moverare.
8:10 of 3rd period - Shot Blocked by Gustav Lindstrom.
8:12 of 3rd period - Snap shot by Marc Del Gaizo.
8:12 of 3rd period - Stopped by Braden Holtby without a rebound.
8:13 of 3rd period - Logan Hutsko wins face-off versus Brendan Smith in Rock Island Raccoons zone.
8:40 of 3rd period - Jacob Moverare is hit by Filip Chytil and loses puck.
8:47 of 3rd period - Wrist shot by Drake Caggiula.
8:47 of 3rd period - Stopped by Olivier Rodrigue without a rebound.
8:48 of 3rd period - Jack Studnicka wins face-off versus Filip Chytil in Providence Bruins zone.
9:01 of 3rd period - Slapshot by Jack Studnicka.
9:01 of 3rd period - Shot Misses the Net.
9:59 of 3rd period - Off-side.
10:00 of 3rd period - Brian Boyle wins face-off versus Jordy Bellerive in neutral zone.
10:07 of 3rd period - Snap shot by Brian Boyle.
10:07 of 3rd period - Shot Misses the Net.
10:24 of 3rd period - Snap shot by Greg McKegg.
10:24 of 3rd period - Shot Misses the Net.
10:32 of 3rd period - Wrist shot by Marc Del Gaizo.
10:32 of 3rd period - Stopped by Braden Holtby without a rebound.
10:33 of 3rd period - Jack Studnicka wins face-off versus Filip Chytil in Rock Island Raccoons zone.
10:40 of 3rd period - Snap shot by Michal Teply.
10:40 of 3rd period - Stopped by Braden Holtby without a rebound.
10:41 of 3rd period - Jack Studnicka wins face-off versus Filip Chytil in Rock Island Raccoons zone.
10:49 of 3rd period - Minor Penalty to Andrew Ladd for Tripping.
10:50 of 3rd period - Jack Studnicka wins face-off versus Mathieu Perreault in Rock Island Raccoons zone.
11:04 of 3rd period - Penalty Shot by Cole Schwindt for Providence Bruins.
11:04 of 3rd period - Backhand shot by Cole Schwindt.
11:04 of 3rd period - Stopped by Braden Holtby.
11:05 of 3rd period - Nate Thompson wins face-off versus Joe Veleno in Providence Bruins zone.
11:17 of 3rd period - Off-side.
11:18 of 3rd period - Mathieu Perreault wins face-off versus Jack Studnicka in neutral zone.
12:49 of 3rd period - Penalty to Andrew Ladd is over, Andrew Ladd is back on ice.
12:52 of 3rd period - Off-side.
12:53 of 3rd period - Brian Boyle wins face-off versus Logan Hutsko in neutral zone.
12:56 of 3rd period - Wrist shot by Nate Thompson.
12:56 of 3rd period - Stopped by Olivier Rodrigue without a rebound.
12:57 of 3rd period - Brian Boyle wins face-off versus Logan Hutsko in Providence Bruins zone.
13:06 of 3rd period - Snap shot by Logan Hutsko.
13:06 of 3rd period - Stopped by Braden Holtby with a rebound.
13:08 of 3rd period - Wrist shot by Brandon Coe.
13:08 of 3rd period - Shot Blocked by Nate Thompson.
13:22 of 3rd period - Jake Walman is hit by John-Jason Peterka and loses puck.
13:31 of 3rd period - Wrist shot by Nicholas Merkley.
13:31 of 3rd period - Stopped by Braden Holtby with a rebound.
13:33 of 3rd period - Wrist shot by John-Jason Peterka.
13:33 of 3rd period - Stopped by Braden Holtby with a rebound.
13:35 of 3rd period - Slapshot by Nikolai Knyzhov.
13:35 of 3rd period - Deflect By Greg McKegg.
13:35 of 3rd period - Stopped by Braden Holtby with a rebound.
13:45 of 3rd period - Slapshot by Luke Glendening.
13:45 of 3rd period - Stopped by Olivier Rodrigue with a rebound.
13:47 of 3rd period - Slapshot by Jake Walman.
13:47 of 3rd period - Stopped by Olivier Rodrigue with a rebound.
13:49 of 3rd period - Snap shot by Luke Glendening.
13:49 of 3rd period - Stopped by Olivier Rodrigue with a rebound.
13:51 of 3rd period - Slapshot by Dillon Heatherington.
13:51 of 3rd period - Stopped by Olivier Rodrigue with a rebound.
13:55 of 3rd period - Slapshot by Luke Glendening.
13:55 of 3rd period - Shot Misses the Net.
13:57 of 3rd period - Slapshot by Jake Walman.
13:57 of 3rd period - Shot Blocked by Nikolai Knyzhov.
14:13 of 3rd period - Snap shot by Drake Caggiula.
14:13 of 3rd period - Shot Misses the Net.
14:22 of 3rd period - Minor Penalty to Jordy Bellerive for Roughing.
14:23 of 3rd period - Nicholas Merkley wins face-off versus Filip Chytil in Providence Bruins zone.
15:05 of 3rd period - Luke Glendening is hit by Nikolai Knyzhov and loses puck.
15:50 of 3rd period - Icing by Filip Chytil.
15:51 of 3rd period - Nicholas Merkley wins face-off versus Filip Chytil in Rock Island Raccoons zone.
16:22 of 3rd period - Penalty to Jordy Bellerive is over, Jordy Bellerive is back on ice.
17:10 of 3rd period - Wrist shot by Michal Teply.
17:10 of 3rd period - Shot Hit the Post.
17:30 of 3rd period - Wrist shot by Alex Barre-Boulet.
17:30 of 3rd period - Shot Misses the Net.
17:55 of 3rd period - Slapshot by Kyle Capobianco.
17:55 of 3rd period - Stopped by Braden Holtby without a rebound.
17:56 of 3rd period - Mathieu Perreault wins face-off versus Logan Hutsko in Rock Island Raccoons zone.
17:56 of 3rd period - Mathieu Perreault is hit by Logan Hutsko.
17:59 of 3rd period - Minor Penalty to Brendan Smith for Roughing.
18:00 of 3rd period - Jack Studnicka wins face-off versus Luke Glendening in Rock Island Raccoons zone.
18:24 of 3rd period - Mathieu Perreault is hit by Jack Studnicka and loses puck.
18:31 of 3rd period - Wrist shot by Jack Studnicka.
18:31 of 3rd period - Stopped by Braden Holtby without a rebound.
18:32 of 3rd period - Joe Veleno wins face-off versus Andrew Ladd in Rock Island Raccoons zone.
18:35 of 3rd period - Slapshot by Nicholas Merkley.
18:35 of 3rd period - Shot Misses the Net.
18:47 of 3rd period - Wrist shot by Joe Veleno.
18:47 of 3rd period - Shot Blocked by Logan Stanley.
18:57 of 3rd period - Logan Stanley is hit by Jack Studnicka and loses puck.
19:59 of 3rd period - Penalty to Brendan Smith is over, Brendan Smith is back on ice.
Goals for this period are 0 for Rock Island Raccoons vs 0 for Providence Bruins.
Shots for this period are 11 for Rock Island Raccoons vs 15 for Providence Bruins.
Overtime #1
0:01 of 1st overtime period - John-Jason Peterka wins face-off versus Andrew Ladd in neutral zone.
1:49 of 1st overtime period - Brian Boyle is hit by Austin Wagner and loses puck.
4:03 of 1st overtime period - Jacob Moverare is hit by Nate Thompson and loses puck.
Goals for this period are 0 for Rock Island Raccoons vs 0 for Providence Bruins.
Shots for this period are 0 for Rock Island Raccoons vs 0 for Providence Bruins.
ShootOut
5:00 of 1st overtime period - Round #1.
5:00 of 1st overtime period - Rock Island Raccoons, Brendan Smith.
5:00 of 1st overtime period - Backhand shot by Brendan Smith.
5:00 of 1st overtime period - Stopped by Olivier Rodrigue.
5:00 of 1st overtime period - Providence Bruins, Nicholas Merkley.
5:00 of 1st overtime period - Deke by Nicholas Merkley.
5:00 of 1st overtime period - Shot Misses the Net.
5:00 of 1st overtime period - Round #2.
5:00 of 1st overtime period - Rock Island Raccoons, Mathieu Perreault.
5:00 of 1st overtime period - Wrist shot by Mathieu Perreault.
5:00 of 1st overtime period - Goal by Mathieu Perreault.
5:00 of 1st overtime period - Providence Bruins, Joe Veleno.
5:00 of 1st overtime period - Snap shot by Joe Veleno.
5:00 of 1st overtime period - Stopped by Braden Holtby.
5:00 of 1st overtime period - Round #3.
5:00 of 1st overtime period - Rock Island Raccoons, Luke Glendening.
5:00 of 1st overtime period - Deke by Luke Glendening.
5:00 of 1st overtime period - Shot Misses the Net.
5:00 of 1st overtime period - Providence Bruins, John-Jason Peterka.
5:00 of 1st overtime period - Wrist shot by John-Jason Peterka.
5:00 of 1st overtime period - Stopped by Braden Holtby.
Back to the Top